 Dungeon Crawl Stone Soup version 0.30-a0-292-g0f741e3f8e (webtiles) character file.

Game seed: 12804702817482729565

13763 themarg the Fighter (level 12, -4/118 HPs)
             Began as a Hill Orc Monk on Oct 18, 2022.
             Was a Priest of Beogh.
             Slain by a lorocyproca (13 damage)
             ... on level 3 of the Abyss.
             The game lasted 00:48:52 (13299 turns).

themarg the Fighter (Hill Orc Monk)                Turns: 13299, Time: 00:48:52

Health: -4/118     AC: 22    Str: 19      XL:     12   Next: 9%
Magic:  2/19       EV:  8    Int: 14      God:    Beogh [***...]
Gold:   546        SH:  3    Dex: 12 (13) Spells: 11/11 levels left

rFire   + . .      SeeInvis .    O - +5 hand axe "Gitreval" {speed, Int+4}
rCold   . . .      Faith    .    Q - +0 buckler
rNeg    . . .      Spirit   .    P - +7 chain mail of Fun {rF+}
rPois   .          Reflect  .    q - +0 helmet
rElec   .          Harm     .    k - +0 cloak
rCorr   .          Rampage  .    M - +0 pair of gloves
Will    .....                    (no boots)
Stlth   ..........               (no amulet)
HPRegen 0.00/turn                B - ring of flight
MPRegen 0.16/turn                (no ring)

@: sick, flying
A: no striking features
a: Renounce Religion, Smiting


You were on level 3 of the Abyss.
You worshipped Beogh.
Beogh was most pleased with you.
You visited 2 branches of the dungeon, and saw 10 of its levels.
You visited the Abyss 1 time.
You also visited: Ossuary, Bailey and Volcano.

You collected 654 gold pieces.
You spent 108 gold pieces at shops.

Inventory:

Hand Weapons
 g - a +0 war axe
 O - the +5 hand axe "Gitreval" (weapon) {speed, Int+4}
   (You took it off an orc on level 4 of the Dungeon)

   Attacks with this weapon are significantly faster.
   Int:       It affects your intelligence (+4).
Missiles
 a - 129 stones
 h - 14 silver boomerangs
 o - a curare-tipped dart
 v - 8 poisoned darts (quivered)
 A - 5 boomerangs
 R - 6 atropa-tipped darts
Armour
 k - a +0 cloak (worn)
 q - a +0 helmet (worn)
 D - the +5 scale mail "Kiopaygi" {MP+9 Str+3 Int+2 Dex-2}
   (You found it in a bailey)

   Str:       It affects your strength (+3).
   Int:       It affects your intelligence (+2).
   Dex:       It affects your dexterity (-2).
   MP:        It affects your magic capacity (+9).
 M - a +0 pair of gloves (worn)
 P - the +7 chain mail of Fun (worn) {rF+}
   (You took it off an orc on level 4 of the Dungeon)

   rF:        It protects you from fire.
 Q - a +0 buckler (worn)
Jewellery
 B - a ring of flight (left hand)
Wands
 c - a wand of mindburst (1)
 m - a wand of flame (18)
 I - a wand of iceblast (3)
Scrolls
 d - a scroll of brand weapon
 e - 3 scrolls of teleportation
 f - a scroll of immolation
 j - a scroll of blinking
 n - 2 scrolls of magic mapping {unknown}
 r - 2 scrolls of noise {unknown}
 s - a scroll of torment {unknown}
 w - a scroll of fear {unknown}
 y - 2 scrolls of butterflies {unknown}
 z - 2 scrolls of enchant weapon {unknown}
 J - 3 scrolls of amnesia {unknown}
 K - a scroll of summoning {unknown}
 L - a scroll of enchant armour {unknown}
 N - a scroll of silence {unknown}
Potions
 b - 3 potions of haste
 i - 3 potions of mutation
 l - a potion of cancellation {unknown}
 p - 3 potions of degeneration
 t - 5 potions of curing
 u - 2 potions of brilliance
 x - 4 potions of flight
 C - a potion of resistance {unknown}
 E - a potion of attraction {unknown}
 F - a potion of invisibility {unknown}
 H - 2 potions of might


   Skills:
 + Level 14.8 Fighting
 - Level 12.0 Axes
 + Level 9.9 Armour
 - Level 2.5 Dodging
 - Level 2.5 Stealth
 - Level 10.0 Invocations


You had 11 spell levels left.
You didn't know any spells.
Your spell library contained the following spells:

 Spells                   Type           Power      Damage    Failure   Level
 Apportation              Tloc           0%         N/A       97%         1
 Kiss of Death            Conj/Necr      0%         2d5       97%         1
 Necrotise                Necr           0%         1d4       97%         1
 Sublimation of Blood     Necr           0%         N/A       99%         2
 Confusing Touch          Hex            0%         N/A       100%        3
 Portal Projectile        Hex/Tloc       0%         N/A       100%        3
 Summon Guardian Golem    Hex/Summ       0%         N/A       100%        3
 Tukima's Dance           Hex            0%         N/A       100%        3
 Vampiric Draining        Necr           0%         2d6       100%        3
 Animate Armour           Summ/Erth      0%         N/A       100%        4
 Dispel Undead            Necr           0%         3d6       100%        4
 Petrify                  Tmut/Erth      0%         N/A       100%        4
 Agony                    Necr           0%         N/A       100%        5
 Alistair's Intoxication  Tmut/Pois      0%         N/A       100%        5
 Blade Hands              Tmut           0%         N/A       100%        5
 Irradiate                Conj/Tmut      0%         3d11      100%        5
 Iron Shot                Conj/Erth      0%         9d1       100%        6
 Orb of Destruction       Conj           0%         9d5       100%        7
 Spellforged Servitor     Conj/Summ      0%         N/A       100%        7


Dungeon Overview and Level Annotations

Branches:
Dungeon (9/15)             Temple (0/1) D:4            Lair (1/5) D:8
Ossuary (visited)          Bailey (visited)         Volcano (visited)
    Orc: D:9-12

Altars:
Ashenzari
Kikubaaqudgha
Nemelex Xobeh
Okawaru
Uskayaw
Vehumet
Xom
The Shining One
Beogh

Shops:
D:1 [   D:2 *   D:4 (   D:6 [

Portals:
Abyss: Lair:1

Annotations:
Lair:1 Aky Rat's ghost, novice DsNe


Message History

The ancient zyme is lightly damaged.
The ancient zyme closely misses you. The ancient zyme hits you!
* * * LOW HITPOINT WARNING * * *
You slash the ancient zyme!
The ancient zyme is lightly damaged.
You slash the ancient zyme!
The ancient zyme is heavily damaged.
The ancient zyme hits you but does no damage.
The ancient zyme hits you.
* * * LOW HITPOINT WARNING * * *
You feel ill.
You completely miss the ancient zyme.
The ancient zyme is heavily damaged.
You slash the ancient zyme!
The ancient zyme is severely damaged.
The ancient zyme hits you but does no damage. x2
You completely miss the ancient zyme.
The ancient zyme is severely damaged.
You slash the ancient zyme!
The ancient zyme is almost destroyed.
The ancient zyme barely misses you.
The ancient zyme hits you but does no damage.
You hit the ancient zyme.
You destroy the ancient zyme!
Beogh accepts your kill.
You start resting.
You hear a chilling moan.
Something hits you!
* * * LOW HITPOINT WARNING * * *
You feel your power leaking away.
Deactivating autopickup; reactivate with Ctrl-A.
You miss something. You closely miss something. Something hits you!
* * * LOW HITPOINT WARNING * * *
You feel your power leaking away.
You feel better. Something hits you but does no damage.
You hit something. You hit something. You barely miss something.
Something hits you!
You die...

#.##
.# #
##.. #
### .
. . #
#. . #
.... #
#. ..
## #.#
# #.
#. # .
. #
### #
. . #.
.####
###.#
#.@##
#.##{#
# ..#
#...
###.
.. .


There were no monsters in sight!

Vanquished Creatures
  A deep elf sorcerer (Abyss:3)
  3 wizards (Volcano)
  3 toenail golems (Volcano)
  2 cane toads (Lair:1)
  A smoke demon (Abyss:3)
  A komodo dragon (Lair:1)
  An ancient zyme (Abyss:3)
  A polar bear (D:9)
  Grinder (D:5)
  3 raiju (Abyss:2)
  The ghost of plokij the Slasher, an amateur MiFi (D:4)
  A vampire (Bailey)
  2 yaks (D:9)
  2 basilisks (Lair:1)
  A warg (D:8)
  3 hell hounds (Abyss:3)
  5 water moccasins
  3 large abominations
  2 orc warriors
  An ice beast (D:6)
  4 black bears
  4 centaurs
  2 phantoms (D:6)
  A kobold brigand (D:9)
  7 bullfrogs
  2 necrophages (D:6)
  An elf zombie (Ossuary)
  A scorpion (D:5)
  3 wights (D:7)
  2 small abominations (Abyss:3)
  6 wolf zombies (Bailey)
  2 howler monkeys
  3 vampire bats (Bailey)
  An electric eel (D:7)
  3 centaur zombies (Ossuary)
  A hound (D:5)
  8 orc priests
  2 jellies
  A quasit (Abyss:3)
  A human zombie (Ossuary)
  2 iguanas
  Ijyb (D:3)
  Natasha (thrice) (D:3)
  4 orc wizards
  A centaur simulacrum (D:9)
  2 hound zombies (Ossuary)
  3 mummies (Ossuary)
  5 gnolls
  3 adders (D:2)
  A shadow imp (D:5)
  2 white imps (D:8)
  An ufetubus (D:5)
  2 adder zombies (Ossuary)
  4 worms
  3 dart slugs
  18 orcs
  10 ball pythons
  4 bats
  6 endoplasms
  4 giant cockroaches
  9 goblins
  6 hobgoblins
  3 jackals (D:4)
  10 kobolds
  2 quokkas
  2 frilled lizards
  2 gnoll zombies (Ossuary)
  2 goblin zombies (Ossuary)
  2 hobgoblin zombies (Ossuary)
  2 jackal zombies (Ossuary)
  4 kobold zombies (Ossuary)
  15 orc zombies
  6 quokka zombies (Ossuary)
  4 rats (D:1)
  A rat zombie (Ossuary)
  A butterfly (D:4)
243 creatures vanquished.

Vanquished Creatures (collateral kills)
  A gargoyle (Bailey)
  A troll (D:8)
  2 polar bears (D:9)
  3 wyverns
  5 yaks (D:9)
  3 steam dragons
  A warg (D:8)
  Menkaure (D:7)
  A kobold brigand (D:7)
  A bullfrog (D:8)
  A gnoll sergeant (D:9)
  A wight (D:7)
  2 wolf zombies (Bailey)
  2 electric eels
  3 vampire bats (Bailey)
  2 jellies (D:7)
  4 orc priests
  An orc wizard (D:8)
  A statue (D:9)
  3 gnolls (D:9)
  6 orc zombies (Bailey)
  A white imp (D:9)
  An ufetubus (D:9)
  6 orcs
  A gnoll zombie (Ossuary)
  A goblin zombie (Ossuary)
  A rat zombie (Ossuary)
56 creatures vanquished.

Vanquished Creatures (others)
  An orc warrior (D:4)
  An ancient zyme (Abyss:3)
  3 orc priests
  A wolf (D:9)
  A human (D:4)
  2 orc wizards
  An adder (D:3)
  An ufetubus (Abyss:3)
  12 orcs
  A demonic plant (Abyss:3)
  4 plants (D:6)
28 creatures vanquished.

Grand Total: 327 creatures vanquished

Notes
Turn   | Place    | Note
-------+----------+-------------------------------------------
     0 | D:1      | themarg the Hill Orc Monk began the quest for the Orb.
     0 | D:1      | Reached XP level 1. HP: 19/19 MP: 1/1
   270 | D:1      | Reached XP level 2. HP: 10/27 MP: 2/2
   473 | D:1      | Found Comyhaeg's Armour Emporium.
   490 | D:1      | Found a faded altar of an unknown god.
   580 | D:1      | Reached skill level 4 in Fighting
  1272 | D:2      | Reached XP level 3. HP: 28/33 MP: 3/3
  1458 | D:2      | Found Defaa's Assorted Antiques.
  1591 | D:2      | Reached skill level 5 in Fighting
  1632 | D:2      | Reached XP level 4. HP: 32/42 MP: 4/4
  1880 | D:2      | Found a shimmering altar of Xom.
  2239 | D:1      | Bought a +0 helmet for 54 gold pieces
  2239 | D:1      | Bought a +0 chain mail for 54 gold pieces
  2397 | D:3      | Noticed Natasha
  2406 | D:3      | Killed Natasha
  2512 | D:3      | Reached skill level 6 in Fighting
  2569 | D:3      | Became a worshipper of Beogh the Brigand
  2569 | D:3      | Reached * piety under Beogh
  2569 | D:3      | Reached ** piety under Beogh
  2583 | D:3      | Reached XP level 5. HP: 41/50 MP: 5/5
  2861 | D:3      | Noticed Ijyb
  2873 | D:3      | HP: 2/51 [disintegration (10)]
  2874 | D:3      | Killed Ijyb
  2928 | D:3      | Noticed Natasha
  2937 | D:3      | Killed Natasha
  2938 | D:3      | Reached skill level 7 in Fighting
  3183 | D:3      | Found an iron altar of Okawaru.
  3198 | D:3      | Noticed Natasha
  3207 | D:3      | Killed Natasha
  3208 | D:3      | Reached XP level 6. HP: 37/60 MP: 6/6
  3382 | D:4      | Found Zoxovon's Weapon Shoppe.
  3471 | D:4      | Found a staircase to the Ecumenical Temple.
  3514 | D:4      | Found a runed translucent gate.
  3514 | D:4      | Noticed plokij's ghost (amateur MiFi)
  3515 | D:4      | Found a runed translucent gate.
  3516 | D:4      | Found a runed translucent gate.
  3517 | D:4      | Identified the +5 hand axe "Gitreval" {speed, Int+4}
  3517 | D:4      | Identified the +7 chain mail of Fun {rF+}
  3617 | D:4      | Found a roughly hewn altar of Beogh.
  3946 | D:4      | Found an ancient bone altar of Kikubaaqudgha.
  3947 | D:4      | Noticed a human
  3954 | D:4      | Killed a human
  4095 | D:5      | Entered Level 5 of the Dungeon
  4195 | D:5      | Reached skill level 1 in Invocations
  4374 | D:5      | Noticed Grinder
  4384 | D:5      | Killed Grinder
  4385 | D:5      | Reached skill level 8 in Fighting
  4385 | D:5      | Reached XP level 7. HP: 61/69 MP: 1/8
  4544 | D:5      | Reached skill level 5 in Axes
  5072 | D:5      | Reached skill level 9 in Fighting
  5585 | D:6      | Reached XP level 8. HP: 78/78 MP: 10/10
  5756 | D:6      | Found Cennuk's Antique Armour Emporium.
  5773 | D:6      | Reached skill level 10 in Fighting
  5779 | D:6      | Reached skill level 5 in Invocations
  5805 | D:6      | Reached skill level 1 in Armour
  6278 | D:6      | Reached XP level 9. HP: 65/86 MP: 8/12
  6870 | D:7      | Reached *** piety under Beogh
  7135 | D:7      | Found a flagged portal.
  7141 | D:7      | Noticed Menkaure
  7145 | Bailey   | Entered a bailey
  7449 | Bailey   | Reached skill level 5 in Armour
  7671 | Bailey   | Gained Hawl as an ally
  7791 | Bailey   | Reached skill level 11 in Fighting
  8087 | Bailey   | Noticed a gargoyle
  8093 | Bailey   | Killed a gargoyle
  8215 | Bailey   | Found the +4 skin of Zhor {*Englaciate rC+++ SInv}
  8218 | Bailey   | Identified the +5 scale mail "Kiopaygi" {MP+9 Str+3 Int+2
                  | Dex-2}
  8280 | D:7      | Killed Menkaure
  8351 | D:7      | Found a large runed translucent door.
  8351 | D:7      | Found a large runed translucent door.
  8457 | D:7      | Reached skill level 10 in Axes
  8463 | D:7      | Reached skill level 12 in Fighting
  8582 | D:7      | Reached XP level 10. HP: 92/97 MP: 13/13
  9305 | D:7      | Found a glowing golden altar of the Shining One.
  9425 | D:7      | Found a broken altar of Ashenzari.
  9464 | D:8      | Found a staircase to the Lair.
  9489 | D:8      | Reached **** piety under Beogh
  9694 | D:8      | Found a sand-covered staircase.
  9705 | Ossuary  | Entered an ossuary
 10192 | D:8      | Found a hide-covered altar of Uskayaw.
 11171 | D:9      | Reached skill level 13 in Fighting
 11173 | D:9      | Your ally Hawl died
 11181 | D:9      | Reached XP level 11. HP: 56/107 MP: 16/16
 11350 | D:9      | Found a radiant altar of Vehumet.
 11510 | D:9      | Found a sparkling altar of Nemelex Xobeh.
 11798 | D:4      | Gained Borgk as an ally
 11813 | D:4      | Your ally Borgk died
 11814 | D:4      | Killed plokij's ghost
 12067 | Lair:1   | Entered Level 1 of the Lair of Beasts
 12087 | Lair:1   | Found a one-way gate to the infinite horrors of the Abyss.
 12087 | Lair:1   | Noticed Aky Rat's ghost (novice DsNe)
 12164 | Lair:1   | Noticed a thrashing horror
 12164 | Lair:1   | Noticed a purple ugly thing
 12373 | Lair:1   | Found a dark tunnel.
 12496 | Volcano  | Entered a volcano
 12498 | Volcano  | Noticed a wizard
 12519 | Volcano  | Killed a wizard
 12552 | Volcano  | Noticed a wizard
 12559 | Volcano  | Killed a wizard
 12568 | Volcano  | Noticed a wizard
 12577 | Volcano  | Killed a wizard
 12591 | Volcano  | Noticed a wizard
 12592 | Volcano  | Noticed a wizard
 12618 | Volcano  | Reached skill level 14 in Fighting
 12627 | Abyss:2  | Cast into level 2 of the Abyss (a wizard)
 12700 | Abyss:2  | Reached skill level 10 in Invocations
 12848 | Abyss:3  | Noticed a deep elf sorcerer
 12851 | Abyss:3  | Killed a deep elf sorcerer
 12972 | Abyss:3  | Noticed a starcursed mass
 12980 | Abyss:3  | Paralysed by accursed screaming for 1 turns
 12998 | Abyss:3  | Noticed a starcursed mass
 13039 | Abyss:3  | Noticed a starcursed mass
 13054 | Abyss:3  | Noticed a thrashing horror
 13055 | Abyss:3  | Noticed a thrashing horror
 13134 | Abyss:3  | Noticed a thrashing horror
 13136 | Abyss:3  | Noticed a thrashing horror
 13161 | Abyss:3  | Reached XP level 12. HP: 47/118 MP: 12/19
 13295 | Abyss:3  | HP: 1/118 [something (13)]
 13299 | Abyss:3  | Slain by a lorocyproca

Illustrated notes

Levels and vault maps discovered:
D:1:      kilobyte_arrival_exit_the_forest, layout_basic,
          basic_ecumenical_altar, serial_shops, nicolae_shop_stone,
          grunt_decor_fettered
D:2:      layout_loops_ring, basic_altar, serial_shops, nicolae_square_shop,
          minmay_tall_x
D:3:      wander_river, layout_basic, okawaru_altar_gauntlet_db, st_stairs_14,
          uniq_ijyb, uniq_natasha
D:4:      layout_basic, tgw_kikubaaqudgha, minmay_temple_entry_butterflies,
          serial_shops, nicolae_shop_bloodbath_and_beyond,
          biasface_ghost_orc_armoury
D:5:      layout_basic, uniq_grinder
D:6:      layout_rooms, serial_rivers, chequers_serial_rivers_marsh,
          chequers_serial_rivers_micro_e, chequers_serial_rivers_room_b,
          chequers_serial_rivers_micro_d, chequers_serial_rivers_large_a,
          serial_shops, nicolae_shop_overgrown_old_shop,
          minmay_misc_feat_four_crosses
D:7:      layout_cave_pods, jmf_multi_god_temple2, enter_bailey_2, minivault_4,
          uniq_menkaure
D:8:      layout_gridville, nicolae_uskayaw_dance_hall,
          erik_lair_orcish_takeover, enter_ossuary_1,
          small_chamber_with_monster, nicolae_titane
D:9:      layout_big_octagon, nemelex_altar_shiori, vehumet_statue, serial_ice,
          serial_ice_b, serial_ice_d, serial_ice_l, serial_ice_e,
          kennysheep_generic_room_5
Lair:1:   layout_cellular_growth, gammafunk_ghost_abyssal_escape,
          nicolae_volcano_entry_lava_flow
Abyss:3:  base: D:13, base: D:6, serial_sigils_hangedman_snap,
          spicy_abyss_unhelpful_harpoons, evilmike_abyss_exit_15,
          hangedman_illusive_loot, lemuel_flamethrower_2,
          evilmike_nicolae_abyss_rune_betentacled_crabyss, lemuel_flamethrower_2
Volcano:  volcano_bunker

Skill      XL: |  1  2  3  4  5  6  7  8  9 10 11 |
---------------+----------------------------------+-----
Stealth        | 2 |  2.5
Fighting       | 4 5 6 7 8 9 10 12 13 14 | 14.8
Invocations    | 2 3 5 7 10 | 10.0
Axes           | 5 7 10 11 12 | 12.0
Armour         | 3 5 7 9 |  9.9
Dodging        | |  2.5

Action                   |  1- 3 |  4- 6 |  7- 9 | 10-12 || total
-------------------------+-------+-------+-------+-------++-------
Melee: Hand axe          |    46 |       |       |   302 ||   348
       War axe           |    79 |   180 |   345 |   234 ||   838
       Punch             |     1 |     3 |     6 |       ||    10
Throw: Boomerang         |       |     3 |       |       ||     3
       Dart              |       |       |       |     7 ||     7
Invok: Convert to Beogh  |       |     1 |       |       ||     1
       Smiting           |       |     3 |     5 |    15 ||    23
Evoke: Wand              |       |     2 |       |     6 ||     8
  Use: Potion            |       |     1 |     6 |     7 ||    14
       Scroll            |       |     2 |     6 |     7 ||    15
 Stab: Sleeping          |     8 |     2 |       |       ||    10
       Distracted        |       |     1 |       |     3 ||     4
Armor: Robe              |    34 |     5 |       |       ||    39
       Chain mail        |       |    75 |   299 |   122 ||   496
       Scale mail        |       |       |       |   125 ||   125
Dodge: Dodged            |    87 |    84 |   172 |   172 ||   515
Block: Buckler           |       |       |       |    22 ||    22

Table legend: (Time is in decaauts)
 A = Elapsed time spent in this place.
 B = Non-inter-level travel time spent in this place.
 C = Inter-level travel time spent in this place.
 D = Time resting spent in this place.
 E = Time spent auto-exploring this place.
 F = Levels seen in this place.
 G = Mean time per level.
                   A        B        C        D        E       F      G
               +--------+--------+--------+--------+--------+-----+--------+
         Total |  13313 |  12604 |    709 |   2654 |   7148 |  15 |  887.5 |
       Dungeon |  10744 |  10035 |    709 |   1646 |   6705 |   9 | 1193.8 |
          Lair |    399 |    399 |      0 |    108 |    132 |   1 |  399.0 |
         Abyss |    598 |    598 |      0 |    239 |      0 |   2 |  299.0 |
       Ossuary |    338 |    338 |      0 |      0 |    161 |   1 |  338.0 |
        Bailey |   1143 |   1143 |      0 |    661 |    150 |   1 | 1143.0 |
       Volcano |     90 |     90 |      0 |      0 |      0 |   1 |   90.0 |
               +--------+--------+--------+--------+--------+-----+--------+

Top non-repeatable levels by time:
     D:7: 1586 daAuts
     D:5: 1497 daAuts
     D:1: 1392 daAuts
     D:6: 1346 daAuts
  Bailey: 1143 daAuts
     D:3: 1061 daAuts
     D:4: 1029 daAuts
     D:2: 959 daAuts
     D:9: 939 daAuts
     D:8: 932 daAuts
 Abyss:3: 436 daAuts
  Lair:1: 399 daAuts
 Ossuary: 338 daAuts
 Abyss:2: 161 daAuts
 Volcano: 90 daAuts
